 Dungeon Crawl Stone Soup version 0.21-a0-241-g2cbab09 (webtiles) character file.

33005 Chiseanne the Thaumaturge (level 13, -5/57 HPs)
             Began as a Spriggan Wanderer on Sept 3, 2017.
             Was an Initiate of Gozag.
             Impaled on a porcupine's spines (15 damage)
             ... on level 2 of the Lair of Beasts.
             The game lasted 01:31:51 (33267 turns).

Chiseanne the Thaumaturge (Spriggan Wanderer)      Turns: 33267, Time: 01:31:52

Health: -5/57      AC:  4    Str:  8    XL:     13   Next: 34%
Magic:  36/40      EV: 27    Int: 20    God:    Gozag
Gold:   529        SH: 14    Dex: 11    Spells: 12/38 levels left

rFire    . . .     SeeInvis +   e - +7 falchion of Spores {flame, rPois rN++ Int+2 Dex-5}
rCold    . . .     Gourm    .   K - +2 buckler
rNeg     + + .     Faith    .   d - +2 robe of Vines {NoPotionHeal Regen+7}
rPois    +         Spirit   .   (helmet restricted)
rElec    .         Reflect  +   (no cloak)
rCorr    .         Harm     .   (gloves unavailable)
MR       ++...                  (boots unavailable)
Stlth    ++........             q - +4 amulet of reflection
HPRegen  2.99/turn              N - ring of magical power
MPRegen  0.27/turn              T - +3 ring of evasion

@: gold aura, very quick
A: unfitting armour, see invisible, herbivore 3, speed 3, slow metabolism 2
a: Potion Petition, Call Merchant, Bribe Branch, Renounce Religion


You were on level 2 of the Lair of Beasts.
You worshipped Gozag.
Gozag was pleased with you.
You were not hungry.

You visited 4 branches of the dungeon, and saw 16 of its levels.

You collected 4103 gold pieces.
You spent 2229 gold pieces at shops.
You paid 1345 gold pieces to Gozag.

Inventory:

Hand Weapons
 a - a +2 dagger of protection
 e - the +7 falchion of Spores (weapon) {flame, rPois rN++ Int+2 Dex-5}
   (You bought it in a shop on level 2 of the Orcish Mines)

   It has been specially enchanted to burn those struck by it, causing extra
   injury to most foes and up to half again as much damage against particularly
   susceptible opponents.
   Big, fiery blades are also staple armaments of hydra-hunters.
   It affects your intelligence (+2).
   It affects your dexterity (-5).
   It protects you from poison.
   It greatly protects you from negative energy.
 s - a +2 dagger of venom
Missiles
 t - 3 throwing nets (quivered)
 x - 2 poisoned tomahawks
 Q - 5 silver tomahawks
Armour
 d - the +2 robe of Vines (worn) {NoPotionHeal Regen+7}
   (You bought it in a shop on level 2 of the Orcish Mines)

   It increases your rate of regeneration.
 K - a +2 buckler (worn)
 O - a +1 robe of magic resistance
Jewellery
 q - a +4 amulet of reflection (around neck)
 r - an uncursed ring of protection from fire
 D - an uncursed amulet of magic regeneration
 E - an uncursed ring of ice
 F - an uncursed ring of flight
 N - a ring of magical power (left hand)
 T - a +3 ring of evasion (right hand)
Wands
 i - a wand of random effects (17/48)
Scrolls
 b - a scroll of blinking
 h - 5 scrolls of remove curse
 j - 12 scrolls of teleportation
 o - 3 scrolls of immolation
 w - a scroll of fear
Potions
 g - a potion of haste
 m - 3 potions of lignification
 n - 2 potions of curing
 p - a potion of invisibility
 u - 7 potions of brilliance
 z - 3 potions of mutation
 A - a potion of resistance {unknown}
 G - 3 potions of might
 I - 3 potions of cancellation
 L - 2 potions of berserk rage {unknown}
Books
 H - a book of Battle

   Spells                             Type                      Level
   a - Infusion                       Charms                       1
   b - Shroud of Golubria             Charms/Translocation         2
   c - Song of Slaying                Charms                       2
   d - Spectral Weapon                Hexes/Charms                 3
   e - Regeneration                   Charms/Necromancy            3
Comestibles
 c - 2 fruits
 f - 6 bread rations
 B - 2 royal jellies


   Skills:
 - Level 1.5 Fighting
 - Level 5.5 Short Blades
 * Level 12.2 Dodging
 - Level 4.4 Stealth
 * Level 10.8 Shields
 - Level 1.0 Unarmed Combat
 * Level 13.1 Spellcasting
 * Level 7.6 Conjurations
   Level 1.0 Earth Magic
 - Level 3.7 Poison Magic
 - Level 1.3 Evocations


You had 12 spell levels left.
You knew the following spells:

 Your Spells              Type           Power        Failure   Level  Hunger
a - Sting                 Conj/Pois      ####         1%          1    None
b - Magic Dart            Conj           ####         1%          1    None
c - Conjure Flame         Conj/Fire      ####....     3%          3    None
d - Mephitic Cloud        Conj/Pois/Air  ####....     3%          3    None
e - Blink                 Tloc           N/A          8%          2    None
f - Ignite Poison         Fire/Tmut/Pois ###.....     9%          3    None
g - Searing Ray           Conj           #####.       1%          2    None
h - Dazzling Spray        Conj/Hex       ####..       3%          3    None
i - Iskenderun's Mystic   Conj           #####...     2%          4    None
j - Force Lance           Conj/Tloc      ####....     11%         4    None


Dungeon Overview and Level Annotations

Branches:
Dungeon (11/15)            Temple (1/1) D:4            Lair (2/6) D:8
    Orc (2/2) D:10            Elf (0/3) Orc:2
  Swamp: Lair:2-4    Shoals: Lair:2-4     Snake: Lair:2-4    Spider: Lair:2-4

Altars:
Ashenzari
Cheibriados
Dithmenos
Elyvilon
Fedhas
Gozag
Hepliaklqana
Kikubaaqudgha
Makhleb
Nemelex Xobeh
Okawaru
Qazlal
Ru
Sif Muna
Trog
Uskayaw
Vehumet
Wu Jian
Xom
Yredelemnul
Zin
The Shining One
Beogh

Shops:
D:4 :   D:8 =   D:10 =   Orc:2 [([[


Innate Abilities, Weirdness & Mutations

You are very small and have problems with some larger weapons.
You are too small for most types of armour.
You have supernaturally acute eyesight. (SInv)
You are a herbivore.
You cover ground extremely quickly.
You need consume almost no food.


Message History

You are struck by the porcupine's spines.
You barely miss the porcupine. You block the porcupine's attack.
You are struck by the porcupine's spines.
You hit the porcupine. You burn the porcupine.
The porcupine is lightly wounded.
You block the porcupine's attack. The porcupine bites you.
A spiny frog comes into view.
You are struck by the porcupine's spines.
The spiny frog gives a loud, deep croak!
You slash the porcupine! You burn the porcupine.
The porcupine is almost dead.
You block the porcupine's attack.
You are struck by the porcupine's spines.
* * * LOW HITPOINT WARNING * * *
You closely miss the porcupine.
The porcupine is almost dead.
You block the porcupine's attack. x2
You are struck by the porcupine's spines.
You die...
Your body crumbles into a pile of gold.

....>...###
......................#. $
............ ...........
........... .>.........
.......F..# ###.#####.P.
..........###.###..##.#.
.....$.................. .
........$r................ . ...#
#.@............#P.. #######..#
####.............###.
P#.#.##..####...#............#P..
.................................
...=.............................
..#....####..P..##P....###..###..
..#PP.##..#..#.####....###.#.##..
................................!
.................................


You could see a spiny frog and a porcupine.

Vanquished Creatures
  An orc warlord (Orc:2)
  3 two-headed ogres
  5 orc high priests (Orc:2)
  7 orc knights (Orc:2)
  Pikel (D:9)
  2 orc sorcerers (Orc:2)
  A cyclops (Orc:1)
  Psyche (D:9)
  2 black mambas
  A spiny frog (Lair:2)
  A gargoyle (Orc:1)
  A centaur skeleton (D:9)
  3 trolls (Orc:2)
  A hornet (D:10)
  A merfolk (D:9)
  7 hippogriffs
  2 wyverns
  A human (D:10)
  25 yaks
  A basilisk (Lair:2)
  A fire elemental (Orc:2)
  4 hogs
  Menkaure (D:7)
  4 wargs (Orc:2)
  6 porcupines
  2 water moccasins
  12 black bears
  40 orc warriors
  4 slaves (D:9)
  3 ice beasts
  2 sky beasts
  An eye of draining (D:8)
  A phantom (D:10)
  2 necrophages (D:8)
  13 ogres
  5 centaurs
  2 crocodiles (D:8)
  2 big kobolds (D:9)
  17 bullfrogs
  3 gnoll sergeants
  2 scorpions
  A wight (D:10)
  10 killer bees
  4 howler monkeys
  9 electric eels (D:9)
  8 crimson imps
  A bullfrog zombie (D:5)
  2 jellies
  3 quasits
  3 centaur zombies
  24 orc priests
  2 hounds (D:9)
  28 orc wizards
  6 gnoll shamans (D:9)
  3 bullfrog skeletons
  An iguana (D:5)
  8 worker ants
  2 killer bee zombies
  2 hound zombies
  A howler monkey skeleton (D:5)
  A worker ant zombie (D:6)
  Robin (D:2)
  11 gnolls
  24 adders
  A shadow imp (D:7)
  An ooze (D:7)
  An adder zombie (D:8)
  2 adder skeletons
  2 worms
  4 dart slugs
  7 leopard geckos
  88 orcs
  2 ball pythons
  8 giant cockroaches
  15 goblins
  13 hobgoblins
  19 jackals
  4 quokkas
  9 bats
  5 frilled lizards
  7 kobolds
  A quokka zombie (D:5)
  10 rats
548 creatures vanquished.

Vanquished Creatures (collateral kills)
  2 yaks (D:10)
  An orc warrior (D:10)
3 creatures vanquished.

Vanquished Creatures (others)
  An orc warrior (Orc:2)
  A black bear (D:9)
  A crimson imp (D:9)
  2 orcs
  38 fungi (D:8)
  18 plants
61 creatures vanquished.

Grand Total: 612 creatures vanquished

Notes
Turn   | Place    | Note
-------+----------+-------------------------------------------
     0 | D:1      | Chiseanne the Spriggan Wanderer began the quest for the Orb.
     0 | D:1      | Chiseanne set off with: a +2 dagger, a scroll of blinking, a +0 short sword, Faxur's Handbook of Envenoming, a +0 robe, a bread ration
     0 | D:1      | Reached XP level 1. HP: 10/10 MP: 5/5
     1 | D:1      | Identified Faxur's Handbook of Envenoming
     3 | D:1      | Learned a level 1 spell: Sting
   318 | D:1      | Reached skill level 1 in Dodging
   370 | D:1      | Reached XP level 2. HP: 14/14 MP: 4/6
   411 | D:1      | Reached skill level 1 in Poison Magic
   915 | D:1      | Reached skill level 3 in Spellcasting
  1263 | D:1      | Reached XP level 3. HP: 18/18 MP: 2/8
  1855 | D:2      | Learned a level 3 spell: Ignite Poison
  2300 | D:2      | Noticed Robin
  2354 | D:2      | Reached skill level 1 in Short Blades
  2550 | D:2      | Reached XP level 4. HP: 22/22 MP: 7/10
  3575 | D:2      | Killed Robin
  3784 | D:3      | Reached XP level 5. HP: 25/25 MP: 6/11
  4450 | D:3      | Reached skill level 4 in Spellcasting
  4862 | D:2      | Reached skill level 5 in Dodging
  4862 | D:2      | Reached XP level 6. HP: 16/30 MP: 0/13
  6187 | D:4      | Found a staircase to the Ecumenical Temple.
  6209 | Temple   | Entered the Ecumenical Temple
  6400 | Temple   | Learned a level 3 spell: Conjure Flame
  6404 | Temple   | Learned a level 3 spell: Mephitic Cloud
  6407 | Temple   | Learned a level 2 spell: Blink
  6409 | Temple   | Learned a level 1 spell: Magic Dart
  6573 | D:4      | Found Wuse's Book Shop.
  8305 | D:4      | Reached skill level 5 in Spellcasting
  8305 | D:4      | Reached XP level 7. HP: 33/33 MP: 9/15
  8542 | D:5      | Entered Level 5 of the Dungeon
  8552 | D:5      | Reached skill level 1 in Conjurations
  8565 | D:5      | Noticed a hippogriff
  8707 | D:5      | Killed a hippogriff
  8918 | D:5      | Reached skill level 6 in Spellcasting
  9072 | D:5      | Reached XP level 8. HP: 35/37 MP: 3/18
  9958 | D:5      | Found a shimmering altar of Xom.
 10168 | D:5      | Reached skill level 7 in Spellcasting
 11433 | D:6      | Learned a level 2 spell: Searing Ray
 11470 | D:6      | Reached XP level 9. HP: 41/41 MP: 3/21
 12553 | D:7      | Reached skill level 8 in Spellcasting
 12885 | D:7      | Found a faded altar of an unknown god.
 12885 | D:7      | Found a sacrificial altar of Ru.
 12890 | D:7      | Found an opulent altar of Gozag.
 12892 | D:7      | Found a hide-covered altar of Uskayaw.
 12893 | D:7      | Found an ancient bone altar of Kikubaaqudgha.
 12899 | D:7      | Became a worshipper of Gozag Ym Sagoz the Greedy
 13085 | D:7      | Noticed Menkaure
 13098 | D:7      | Killed Menkaure
 13098 | D:7      | Reached skill level 5 in Short Blades
 13389 | D:7      | Reached skill level 10 in Dodging
 14182 | D:8      | Reached skill level 9 in Spellcasting
 14314 | D:8      | Noticed a two-headed ogre
 14337 | D:8      | Killed a two-headed ogre
 14337 | D:8      | Reached XP level 10. HP: 46/46 MP: 12/24
 14601 | D:8      | Found a staircase to the Lair.
 14602 | D:8      | Noticed a two-headed ogre
 14617 | D:8      | Killed a two-headed ogre
 14832 | D:8      | Reached skill level 5 in Shields
 15624 | D:8      | Learned a level 3 spell: Dazzling Spray
 15629 | D:8      | Learned a level 4 spell: Iskenderun's Mystic Blast
 15634 | D:8      | Learned a level 4 spell: Force Lance
 16412 | D:9      | Noticed Psyche
 17111 | D:9      | Noticed Pikel
 17531 | D:9      | Killed Psyche
 17791 | D:9      | Killed Pikel
 17791 | D:9      | Reached XP level 11. HP: 49/49 MP: 12/25
 18758 | D:8      | Bought an uncursed ring of protection from fire for 275 gold pieces
 20881 | D:9      | Found an iron altar of Okawaru.
 20991 | D:9      | Noticed a two-headed ogre
 21019 | D:9      | Killed a two-headed ogre
 22241 | D:10     | Entered Level 10 of the Dungeon
 23006 | D:10     | Found a staircase to the Orcish Mines.
 23799 | D:10     | Reached skill level 10 in Shields
 24530 | D:10     | Bought a cursed amulet of inaccuracy for 24 gold pieces
 24534 | D:10     | Bought a +3 ring of evasion for 252 gold pieces
 25439 | Orc:1    | Entered Level 1 of the Orcish Mines
 25814 | Orc:1    | Reached skill level 5 in Conjurations
 26077 | Orc:2    | Entered Level 2 of the Orcish Mines
 26087 | Orc:2    | Reached XP level 12. HP: 53/53 MP: 26/26
 26490 | Orc:2    | Found a staircase to the Elven Halls.
 26494 | Orc:2    | Found a roughly hewn altar of Beogh.
 26535 | Orc:1    | Noticed an orc warlord
 26807 | Orc:2    | Reached skill level 10 in Spellcasting
 26934 | Orc:2    | Killed an orc warlord
 29300 | Orc:2    | Reached skill level 11 in Spellcasting
 30387 | Orc:2    | Noticed an orc high priest
 30410 | Orc:2    | Noticed an orc high priest
 30722 | Orc:2    | Killed an orc high priest
 30782 | Orc:2    | Noticed an orc high priest
 30803 | Orc:2    | Killed an orc high priest
 30803 | Orc:2    | Reached skill level 12 in Spellcasting
 31140 | Orc:2    | Killed an orc high priest
 31251 | Orc:2    | Noticed an orc high priest
 31252 | Orc:2    | Noticed an orc high priest
 31273 | Orc:2    | Killed an orc high priest
 31314 | Orc:2    | Killed an orc high priest
 31314 | Orc:2    | Reached XP level 13. HP: 57/57 MP: 4/30
 32198 | Orc:2    | Found Saic's Armour Boutique.
 32201 | Orc:2    | Found Uxziff's Antique Weapon Boutique.
 32202 | Orc:2    | Found Jawnek's Armour Boutique.
 32203 | Orc:2    | Found Adul Piuwn's Armour Shop.
 32213 | Orc:2    | Bought an iridescent falchion for 232 gold pieces
 32213 | Orc:2    | Identified the +7 falchion of Spores {flame, rPois rN++ Int+2 Dex-5} (You bought it in a shop on level 2 of the Orcish Mines)
 32216 | Orc:2    | Bought an ancient war axe for 246 gold pieces
 32216 | Orc:2    | Identified the +5 war axe "Arhe" {chop, Int+3} (You bought it in a shop on level 2 of the Orcish Mines)
 32227 | Orc:2    | Bought the +2 robe of Vines {NoPotionHeal Regen+7} for 1200 gold pieces
 32227 | Orc:2    | Found the +2 robe of Vines {NoPotionHeal Regen+7}
 32438 | Lair:1   | Entered Level 1 of the Lair of Beasts
 33014 | Lair:2   | Reached skill level 13 in Spellcasting
 33267 | Lair:2   | Impaled on a porcupine's spines

Vault maps used:
D:1:      tarquinn_simple_flora_water_e, kennysheep_nondescript,
          item_on_display_a
D:2:      first_bread, uniq_robin
D:3:      interstate_on_off
D:4:      minmay_temple_entry_overgrown, serial_shops, shop
D:5:      cheibrodos_fzero, led_xom_imps
D:7:      chequers_temple_overflow_minitemple, uniq_menkaure
D:8:      due_lair_maze_entry_diamond
D:9:      kennysheep_town, uniq_pikel, uniq_psyche
D:10:     orc_david_3, grunt_livestock
D:11:     hangedman_abyss_or_decor_clamps, grunt_ministairs_8
Temple:   dpeg_five_rooms_temple
Lair:1:   minmay_lair_oklob_chamber, grunt_megastairs_2
Orc:1:    serial_shops, shop
Orc:2:    st_orc_pillars, basic_altar

Skill      XL: |  1  2  3  4  5  6  7  8  9 10 11 12 13 |
---------------+----------------------------------------+-----
Dodging        | 1 2 4 5 6 7 9 10 11 12 | 12.2
Poison Magic   | 1 2 3 |  3.7
Spellcasting   | 3 4 5 6 7 9 12 13 | 13.1
Short Blades   | 1 2 3 4 5 |  5.5
Conjurations   | 2 3 4 5 7 |  7.6
Shields        | 2 7 10 | 10.8
Fighting       | |  1.5
Stealth        | |  4.4
Unarmed Combat | |  1.0
Earth Magic    | |  1.0
Evocations     | |  1.3

Action                   |  1- 3 |  4- 6 |  7- 9 | 10-12 | 13-15 || total
-------------------------+-------+-------+-------+-------+-------++-------
Melee: Dagger            |    27 |   139 |   209 |   528 |    55 ||   958
       Short sword       |       |       |    75 |       |       ||    75
       Punch             |       |       |     4 |       |       ||     4
       Falchion          |       |       |       |       |    62 ||    62
 Cast: Sting             |   106 |   261 |   291 |  1156 |   146 ||  1960
       Magic Dart        |       |       |    84 |    75 |     8 ||   167
       Mephitic Cloud    |       |       |    25 |   174 |    16 ||   215
       Conjure Flame     |       |       |    24 |    26 |     3 ||    53
       Searing Ray       |       |       |    13 |    12 |     1 ||    26
       Dazzling Spray    |       |       |       |     4 |       ||     4
       Force Lance       |       |       |       |    19 |     9 ||    28
       Iskenderun's Myst |       |       |       |     4 |     2 ||     6
       Blink             |       |       |       |     1 |       ||     1
Invok: Call Merchant     |       |       |       |     2 |       ||     2
Evoke: Wand              |       |       |     2 |    21 |       ||    23
       Sack of spiders   |       |       |       |     3 |       ||     3
  Use: Scroll            |       |     8 |     7 |     9 |     6 ||    30
       Potion            |       |     1 |       |     6 |       ||     7
 Stab: Sleeping          |       |     1 |     1 |     2 |     1 ||     5
       Confused          |       |       |     2 |    41 |    10 ||    53
       Distracted        |       |       |       |     2 |       ||     2
       Invisible         |       |       |       |     5 |       ||     5
       Paralysed         |       |       |       |     1 |       ||     1
  Eat: Fruit             |       |     2 |     6 |     6 |       ||    14
       Bread ration      |       |     1 |       |     1 |       ||     2
       Royal jelly       |       |       |     2 |     2 |       ||     4
Armor: Robe              |     1 |    24 |    42 |    13 |     3 ||    83
Dodge: Dodged            |    37 |   175 |   244 |   346 |    50 ||   852
Block: Other             |       |       |     8 |       |       ||     8
       Reflection        |       |       |     1 |    46 |       ||    47
       Buckler           |       |       |       |   359 |    52 ||   411
       Rpst.: Falchion   |       |       |       |       |    12 ||    12

Table legend:
 A = Spawn XP
 B = Non-spawn XP
 C = Spawn XP percentage of total XP
 D = Spawn monster count
 E = Non-spawn monster count
 F = Spawn count percentage of total count
 G = Total turns spent on level
                    A         B        C        D         E        F      G
               +---------+---------+-------+---------+---------+-------+---------
         Total |    7535 |   39615 |  16.0 |      98 |     451 |  17.9 | 33267
               +---------+---------+-------+---------+---------+-------+---------
           D:1 |      11 |      36 |  23.4 |       5 |      20 |  20.0 |  1623
           D:2 |      65 |     137 |  32.2 |       5 |      32 |  13.5 |  2824
           D:3 |     104 |     146 |  41.6 |       8 |      27 |  22.9 |  2139
           D:4 |     155 |     268 |  36.6 |       3 |      16 |  15.8 |  2006
           D:5 |     124 |    1282 |   8.8 |       8 |      32 |  20.0 |  2112
           D:6 |      48 |     679 |   6.6 |       1 |      29 |   3.3 |  1373
           D:7 |      58 |     636 |   8.4 |       2 |      14 |  12.5 |  1275
           D:8 |     445 |    4372 |   9.2 |       9 |      30 |  23.1 |  2674
           D:9 |    2074 |    6300 |  24.8 |      17 |      66 |  20.5 |  6572
          D:10 |     258 |    4317 |   5.6 |       9 |      59 |  13.2 |  3007
        Lair:1 |       0 |    3614 |   0.0 |       0 |      17 |   0.0 |   428
        Lair:2 |     411 |    1667 |  19.8 |       1 |      10 |   9.1 |   401
         Orc:1 |     908 |     855 |  51.5 |       2 |      15 |  11.8 |  1779
         Orc:2 |    2874 |   15306 |  15.8 |      28 |      84 |  25.0 |  4763
               +---------+---------+-------+---------+---------+-------+---------
